 Dungeon Crawl Stone Soup version 0.31-a0-844-gdc52ec4e09 (webtiles) character file.

Game seed: 2134621967948652546

14 lunkers the Ruffian (level 2, -3/23 HPs)
             Began as a Meteoran Shapeshifter on Sept 28, 2023.
             Frozen to death by an endoplasm (4 damage)
             ... on level 1 of the Dungeon.
             The game lasted 00:00:18 (66 turns).

lunkers the Ruffian (Meteoran Shapeshifter)           Turns: 66, Time: 00:00:19

Health: -3/23      AC:  2    Str: 15    XL:     2   Next: 76%
Magic:  3/3        EV: 12    Int: 11    God:
Gold:   0          SH:  0    Dex: 13    Spells: 1/1 levels left

rFire   . .          .
                       - Unarmed
rCold   . . .        (no shield)
rNeg    . . .        a - +0 animal skin
rPois   .            (helmet currently unavailable)
rElec   .            (cloak currently unavailable)
rCorr   .            (gloves currently unavailable)
SInv    .            (boots currently unavailable)
Will    .....        (no amulet)
Stlth   +            (no ring)
HPRegen 0.23/turn    (no ring)
MPRegen 0.08/turn

%: no passive effects
@: beast-form, glowing
A: beast (slay +2), sense surroundings 1, otherworldly, glowing, explore regen
a: Begin Untransformation


You were on level 1 of the Dungeon.
You were a hulking beast.
You visited 1 branch of the dungeon, and saw 1 of its levels.

Inventory:

Armour
 a - a +0 animal skin (worn)
Talismans
 c - a beast talisman (active)
 d - a flux talisman
Potions
 b - a potion of lignification
 e - a potion of mutation {unknown}


   Skills:
 - Level 1.1 Fighting
 - Level 2.1 Dodging
 * Level 4.2 Unarmed Combat
 + Level 3.9 Shapeshifting


You had one spell level left.
You didn't know any spells.
Your spell library was empty.

Dungeon Overview and Level Annotations

Branches:
Dungeon (1/15) Zot: 535

Altars:

Annotations:
D:1 1 runed translucent door


Innate Abilities, Weirdness & Mutations

You are a hulking beast.
Your limbs bulge with bestial killing power. (Slay +2)
You passively map a small area around you.
You are easily found by Zot.
You glow in the dark.
You regain HP and MP as you explore.


Message History

The jackal is moderately wounded.
The jackal closely misses you.
You punch the jackal!
You kill the jackal!
You hit the jackal but do no damage. The jackal bites you.
* * * LOW HITPOINT WARNING * * *
The jackal closely misses you.
You hit the jackal.
You kill the jackal!
Unknown command.
You barely miss the jackal.
The jackal is severely wounded.
The jackal misses you. The jackal barely misses you.
Unknown command.
You hit the jackal.
You kill the jackal!
The jackal bites you.
* * * LOW HITPOINT WARNING * * *
You closely miss the jackal. The jackal bites you.
* * * LOW HITPOINT WARNING * * *
You hit the jackal but do no damage. The jackal misses you.
Unknown command.
You hit the jackal.
The jackal is heavily wounded.
The jackal bites you.
* * * LOW HITPOINT WARNING * * *
You hit the jackal.
You kill the jackal!
Unknown command.
You hit the endoplasm.
The endoplasm is lightly wounded.
The endoplasm freezes you.
You are frozen.
* * * LOW HITPOINT WARNING * * *
Unknown command.
You hit the endoplasm but do no damage.
The endoplasm is lightly wounded.
The endoplasm freezes you.
You are frozen.
You die...

#####......
#######†......... #####*
#.....#†###'##### .....#
#......)#..⌠...>. ......#
#.......#......<. ..$....
###.......+⌠....###
.......##...#####.#...^....
.........J#######.#######+#
........##h....##.#.rJhBhhh
*
.......###.....##.#.wrrJrBJ
....... #.....##.#........
,,....(.. #.....#
.######### ?...... #.....#
, ,....... #.###... * *
.>....., ..# ##.# .## .. ,
, ,


You could see an endoplasm.

Vanquished Creatures
  A goblin (D:1)
  A hobgoblin (D:1)
  8 jackals (D:1)
10 creatures vanquished.

Notes
Turn   | Place    | Note
-------+----------+-------------------------------------------
     0 | D:1      | lunkers the Meteoran Shapeshifter began the quest for the
                  | Orb.
     0 | D:1      | Reached XP level 1. HP: 16/16 MP: 2/2
     0 | D:1      | Noticed a jelly
     3 | D:1      | Found a runed translucent door.
    24 | D:1      | Reached skill level 4 in Unarmed Combat
    24 | D:1      | Reached XP level 2. HP: 18/23 MP: 3/3
    65 | D:1      | HP: 1/23 [frozen (2)]
    66 | D:1      | Frozen to death by an endoplasm

Illustrated notes

Levels and vault maps discovered:
D:1:      dpeg_arrival_caged_fury, layout_rooms, minmay_cut_off

Skill      XL: |  1 |
---------------+----+-----
Unarmed Combat | 4 |  4.2
Fighting       | |  1.1
Dodging        | |  2.1
Shapeshifting  | |  3.9

Action                     || total
---------------------------++-------
  Melee: Unarmed           ||    36
 Armour: Animal skin       ||    15
  Dodge: Dodged            ||    19

Table legend: (Time is in decaauts)
 A = Elapsed time spent in this place.
 B = Non-inter-level travel time spent in this place.
 C = Inter-level travel time spent in this place.
 D = Time resting spent in this place.
 E = Time spent auto-exploring this place.
 F = Levels seen in this place.
 G = Mean time per level.
                   A        B        C        D        E       F      G
               +--------+--------+--------+--------+--------+-----+--------+
         Total |     63 |     63 |      0 |      0 |     16 |   1 |   63.0 |
       Dungeon |     63 |     63 |      0 |      0 |     16 |   1 |   63.0 |
               +--------+--------+--------+--------+--------+-----+--------+

Top non-repeatable levels by time:
     D:1: 63 daAuts
